 Dungeon Crawl Stone Soup version 0.25-a0-413-g3b4b6a4ccc (webtiles) character file.

Game seed: 447489863076955279, levelgen mode: deterministic

12280 HonoreeLepton the Fighter (level 11, -4/74 HPs)
             Began as a Gargoyle Berserker on Jan 15, 2020.
             Was an Elder of Trog.
             Slain by an eight-headed hydra (9 damage)
             ... on level 11 of the Dungeon.
             The game lasted 01:28:11 (11418 turns).

HonoreeLepton the Fighter (Gargoyle Berserker)     Turns: 11418, Time: 01:28:12

Health: -4/74      AC: 25    Str: 23    XL:     11   Next: 90%
Magic:  11/11      EV:  8    Int:  9    God:    Trog [****..]
Gold:   494        SH:  4    Dex:  9    Spells: 10/10 levels left

rFire    . . .     SeeInvis .   a - +4 flail (flame)
rCold    . . .     Gourm    .   D - +0 buckler
rNeg     + + .     Faith    +   o - +0 plate armour
rPois    ∞         Spirit   .   (no helmet)
rElec    +         Reflect  .   A - +1 cloak
rCorr    .         Harm     .   (no gloves)
MR       +++..                  (no boots)
Stlth    ..........             m - amulet of faith
HPRegen  1.22/turn              z - ring of positive energy
MPRegen  0.12/turn              I - ring of protection from magic

@: berserk cooldown, regenerating, slowed, very slow
A: negative energy resistance 1, electricity resistance, unbreathing,
petrification resistance, rot immunity, AC +8
a: Berserk, Trog's Hand, Brothers in Arms, Renounce Religion


You were on level 11 of the Dungeon.
You worshipped Trog.
Trog was greatly pleased with you.
You were not hungry.

You visited 1 branch of the dungeon, and saw 11 of its levels.

You collected 494 gold pieces.

Inventory:

Hand Weapons
 a - a +4 flail of flaming (weapon)
 b - a +1 mace of holy wrath
 e - the +11 long sword "Raostrauwk" {slice, MR- Int+6}
   (You found it on level 8 of the Dungeon)

   It inflicts extra damage upon your enemies.
   It affects your intelligence (+6).
   It affects your resistance to hostile enchantments.
 s - a +0 hand axe of chopping
 x - a +1 flail of protection
 L - a +5 hand axe
 P - a +0 short sword
 S - a +0 war axe of flaming
Armour
 o - a +0 plate armour (worn)
 A - a +1 cloak (worn)
 D - a +0 buckler (worn)
Jewellery
 m - an amulet of faith (around neck)
 t - an uncursed amulet of the acrobat
 z - a ring of positive energy (left hand)
 E - an uncursed ring of flight
 F - an uncursed amulet of guardian spirit
 I - a ring of protection from magic (right hand)
 Q - an uncursed ring of positive energy
 T - a +3 ring of protection {unknown}
 U - an uncursed amulet of rage {unknown}
Wands
 r - a wand of digging (3)
 G - a wand of paralysis (4)
 N - a wand of enslavement (6)
Scrolls
 d - 3 scrolls of fear
 f - 2 scrolls of fog
 j - 2 scrolls of enchant armour {unknown}
 k - 4 scrolls of teleportation
 n - 3 scrolls of immolation
 p - 4 scrolls of remove curse
 w - a scroll of blinking {unknown}
 B - 2 scrolls of amnesia {unknown}
 J - 3 scrolls of identify
 O - 2 scrolls of enchant weapon {unknown}
Potions
 g - a potion of resistance {unknown}
 h - 3 potions of brilliance
 i - a potion of invisibility {unknown}
 l - 2 potions of might {unknown}
 q - 2 potions of magic {unknown}
 u - a potion of mutation {unknown}
 v - a potion of ambrosia {unknown}
 y - 4 potions of curing
 C - a potion of berserk rage {unknown}
 H - a potion of flight {unknown}
 K - a potion of cancellation
 M - 2 potions of agility {unknown}
 R - a potion of lignification {unknown}
Comestibles
 c - 24 rations
 V - 6 chunks of flesh


   Skills:
 + Level 11.3 Fighting
 + Level 11.1 Maces & Flails
 + Level 10.8 Armour
 - Level 4.0 Dodging
 - Level 0.9 Stealth
 - Level 4.3 Shields


You had 10 spell levels left.
You didn't know any spells.
Your spell library contained the following spells:

 Spells                   Type           Power        Failure   Level  Hunger
 Magic Dart               Conj           #...         99%         1    ##.....
 Blink                    Tloc           N/A          100%        2    ###....
 Call Imp                 Summ           #.......     100%        2    ###....
 Slow                     Hex            #.......     100%        2    ###....
 Conjure Flame            Conj/Fire      #.......     100%        3    ####...
 Mephitic Cloud           Conj/Pois/Air  #.......     100%        3    ####...


Dungeon Overview and Level Annotations

Branches:
Dungeon (11/15)            Temple (0/1) D:7            Lair (0/6) D:10
    Orc: D:9-12

Altars:
Dithmenos
Gozag
Kikubaaqudgha
Okawaru
Qazlal
Ru
Sif Muna
Vehumet
Wu Jian
Xom
Yredelemnul

Shops:
D:10 *   D:11 *

Annotations:
D:7 3 runed translucent doors, exclusion: 3 doors, night's ghost, novice DrVM
D:10 2 transporters, strongu's ghost, journeyman OpGl


Innate Abilities, Weirdness & Mutations

You are resistant to torment.
Your stone body is resilient. (AC +8)
You are immune to poison.
You resist negative energy. (rN+)
You are resistant to electric shocks. (rElec)
You can survive without breathing.
You are immune to petrification.
You are immune to rotting.


Message History

* * * LOW HITPOINT WARNING * * *
The eight-headed hydra bites you but does no damage.
The eight-headed hydra bites you.
* * * LOW HITPOINT WARNING * * *
The eight-headed hydra bites you but does no damage. x2
You sock the eight-headed hydra! You burn the eight-headed hydra.
The eight-headed hydra is severely wounded.
You block the hippogriff's attack.
The hippogriff pecks you but does no damage.
The hippogriff claws you but does no damage.
The eight-headed hydra bites you but does no damage.
The eight-headed hydra bites you!
* * * LOW HITPOINT WARNING * * *
The eight-headed hydra closely misses you.
The eight-headed hydra bites you but does no damage.
You block the eight-headed hydra's attack.
The eight-headed hydra bites you but does no damage.
The eight-headed hydra closely misses you.
The eight-headed hydra bites you!
You die...

...#.[....#...##########.........
...#......#...#........#.........
...#......#...#........#.........
...########...#........#D........
............###........#....#####
............#..........#....#....
............#..........#....'....
..>.........#..........#....#....
....####....#..H@D.....#H...#....
....#..#'#..#..........#....#....
....#....#..#..........'....#....
###.#....#([(..........'....###'#
#.#....#..#...###....#.........
#.#....#..#...#.#....#.........
#.#....#..###.#.#....#.........
#.#.####....#.#.#....#.........
#.###.......###.######.........


You could see an eight-headed hydra and a hippogriff.

Vanquished Creatures
  A hydra (D:10)
  Pikel (D:4)
  An ugly thing (D:11)
  An elephant (D:10)
  A centaur zombie (D:7)
  5 centaur skeletons
  A redback zombie (D:7)
  2 hellwings
  2 hornets
  A meliai zombie (D:7)
  3 hippogriffs
  A vampire (D:11)
  10 yaks
  A wraith (D:11)
  A basilisk (D:10)
  A wyvern (D:9)
  A hungry ghost (D:9)
  6 orc warriors
  2 sky beasts
  3 ice beasts
  A necrophage (D:9)
  4 ogres
  3 phantoms
  4 centaurs
  A crocodile (D:10)
  3 big kobolds
  3 bullfrogs
  A gnoll sergeant (D:8)
  A wyvern skeleton (D:11)
  4 scorpions
  11 wights
  4 killer bees (D:9)
  3 howler monkeys
  7 crimson imps
  3 jellies
  2 quasits
  3 orc priests
  4 hounds
  2 bullfrog skeletons
  2 iguanas
  13 orc wizards
  4 worker ants
  2 hound zombies
  2 hound skeletons
  4 gnolls (D:8)
  15 adders
  5 shadow imps
  4 oozes
  2 adder skeletons
  3 worms
  4 dart slugs
  5 leopard geckos
  40 orcs
  A ball python (D:3)
  2 bat zombies (D:2)
  6 giant cockroaches
  6 goblins
  6 hobgoblins
  8 jackals
  3 quokkas
  A ball python skeleton (D:5)
  9 bats
  6 frilled lizards
  16 kobolds
  8 rats
  A rat zombie (D:2)
287 creatures vanquished.

Vanquished Creatures (others)
  2 fungi (D:10)
  2 plants (D:10)
4 creatures vanquished.

Grand Total: 291 creatures vanquished

Notes
Turn   | Place    | Note
-------+----------+-------------------------------------------
     0 | D:1      | HonoreeLepton the Gargoyle Berserker began the quest for
                  | the Orb.
     0 | D:1      | Reached XP level 1. HP: 14/14 MP: 1/1
    84 | D:1      | Reached XP level 2. HP: 19/19 MP: 2/2
   457 | D:1      | Reached XP level 3. HP: 23/23 MP: 3/3
   745 | D:1      | Found a shimmering altar of Xom.
   985 | D:2      | Found a faded altar of an unknown god.
  1138 | D:2      | Found an opulent altar of Gozag.
  1146 | D:2      | Found an ornate altar of the Wu Jian Council.
  1302 | D:2      | Found a shimmering blue altar of Sif Muna.
  1341 | D:2      | Reached ** piety under Trog
  2121 | D:2      | Reached XP level 4. HP: 28/29 MP: 4/4
  2124 | D:2      | Found an ancient bone altar of Kikubaaqudgha.
  2808 | D:3      | Reached XP level 5. HP: 30/33 MP: 5/5
  3211 | D:4      | Reached skill level 5 in Maces & Flails
  3262 | D:4      | Reached XP level 6. HP: 39/39 MP: 6/6
  3273 | D:4      | Reached *** piety under Trog
  3356 | D:4      | Found a basalt altar of Yredelemnul.
  3632 | D:4      | Reached XP level 7. HP: 42/44 MP: 7/7
  3819 | D:4      | Noticed Pikel
  3829 | D:4      | Killed Pikel
  3829 | D:4      | Reached skill level 5 in Fighting
  3829 | D:4      | Reached XP level 8. HP: 51/51 MP: 8/8
  4012 | D:5      | Entered Level 5 of the Dungeon
  4286 | D:5      | Found the +3 sling "Punk" {acid, rCorr}
  4882 | D:5      | Reached skill level 5 in Armour
  5297 | D:6      | Found an iron altar of Okawaru.
  5297 | D:6      | Found a stormy altar of Qazlal.
  5438 | D:6      | Found a radiant altar of Vehumet.
  5797 | D:6      | Reached skill level 1 in Shields
  5934 | D:7      | Reached XP level 9. HP: 53/56 MP: 9/9
  6010 | D:7      | Found a shadowy altar of Dithmenos.
  6136 | D:7      | Found a runed translucent gate.
  6136 | D:7      | Found a runed translucent gate.
  6136 | D:7      | Found a runed translucent gate.
  6136 | D:7      | Noticed night's ghost (novice DrVM)
  6144 | D:7      | Noticed a hellwing
  6285 | D:7      | Noticed a hellwing
  6331 | D:7      | Killed a hellwing
  6331 | D:7      | Reached XP level 10. HP: 41/64 MP: 10/10
  6602 | D:7      | Found a staircase to the Ecumenical Temple.
  7186 | D:8      | Found a sacrificial altar of Ru.
  7188 | D:8      | Got a fine long sword
  7211 | D:8      | Reached **** piety under Trog
  7376 | D:8      | Identified the +11 long sword "Raostrauwk" {slice, MR-
                  | Int+6} (You found it on level 8 of the Dungeon)
  8613 | D:9      | Reached skill level 10 in Fighting
  8613 | D:9      | Reached XP level 11. HP: 47/72 MP: 11/11
  8619 | D:9      | Reached skill level 10 in Maces & Flails
  9002 | D:10     | Entered Level 10 of the Dungeon
  9081 | D:10     | Found Xousaq's Assorted Antiques.
  9316 | D:10     | Reached skill level 10 in Armour
  9345 | D:10     | Noticed a two-headed ogre
  9520 | D:10     | Found a staircase to the Lair.
  9569 | D:10     | Found a transporter.
  9570 | D:10     | Noticed a moth of wrath
  9578 | D:10     | Found a transporter.
  9590 | D:10     | Noticed strongu's ghost (journeyman OpGl)
 10378 | D:11     | Noticed a seven-headed hydra
 10586 | D:11     | Noticed a purple ugly thing
 10593 | D:11     | Killed a purple ugly thing
 10593 | D:11     | Reached ***** piety under Trog
 10593 | D:11     | Received a gift from Trog
 10791 | D:11     | Found Adozexoh's Assorted Antiques.
 11369 | D:11     | Noticed an eight-headed hydra
 11407 | D:10     | Killed a seven-headed hydra
 11418 | D:11     | Slain by an eight-headed hydra

Levels and vault maps discovered:
D:1:      dpeg_arrival_water_altar, layout_loops_cross,
          minmay_misc_feat_four_crosses
D:2:      layout_basic, chequers_temple_overflow_statue_of_worship,
          lemuel_zombie_altar_kikubaaqudgha, chequers_ecumenical_altar_simple
D:3:      layout_basic, first_ration, eino_tiny_chamber,
          hangedman_decor_diamond_cutter, serial_bayou_pond_d
D:4:      layout_loops_ring, minmay_misc_feat_hallway, minmay_ruined_shrine,
          uniq_pikel
D:5:      layout_basic, serial_glass, glass_columns_c, glass_columns_a,
          glass_columns_a, glass_columns_b
D:6:      layout_gridville, lemuel_doored_altar,
          gammafunk_temple_overflow_elements
D:7:      cheibrodos_grave_circle, layout_rooms,
          grunt_dithmenos_smoke_and_mirrors, temple_pool_b,
          gammafunk_ghost_necromancy, grunt_ogre_cave,
          chequers_serial_rivers_room_b
D:8:      layout_rooms, lemuel_round_altar, kennysheep_small_spiral,
          dk_noncrumbling_4
D:9:      layout_rooms, chequers_garden
D:10:     layout_loops_cross, david_lair_generic,
          gammafunk_ghost_berserking_beasts, serial_shops, kennysheep_mini
D:11:     layout_irregular_city, serial_shops, shop_statue, shop

Skill      XL: |  1  2  3  4  5  6  7  8  9 10 11 |
---------------+----------------------------------+-----
Dodging        | 2 3 4 |  4.0
Maces & Flails | 4 5 6 7 8 9 11 | 11.1
Fighting       | 4 5 6 8 10 11 | 11.3
Armour         | 3 4 5 7 9 10 | 10.8
Shields        | 1 4 |  4.3
Stealth        | |  0.9

Action                   |  1- 3 |  4- 6 |  7- 9 | 10-12 || total
-------------------------+-------+-------+-------+-------++-------
Melee: Mace              |   126 |   240 |   315 |   258 ||   939
       Hand axe          |       |       |       |   169 ||   169
       Long sword        |       |       |       |     3 ||     3
       War axe           |       |       |       |   240 ||   240
       Flail             |       |       |       |   101 ||   101
Invok: Trog's Hand       |       |     1 |     2 |     2 ||     5
       Berserk           |       |       |     1 |     4 ||     5
Evoke: Wand              |       |       |       |     2 ||     2
  Use: Scroll            |       |       |       |    10 ||    10
       Potion            |       |       |       |     1 ||     1
  Eat: Chunk             |     4 |     5 |     4 |    20 ||    33
       Ration            |       |       |     2 |     2 ||     4
Armor: Animal skin       |    41 |       |       |       ||    41
       Plate armour      |    15 |   172 |   316 |   609 ||  1112
Dodge: Dodged            |    68 |    75 |   135 |   279 ||   557
Block: Buckler           |       |       |    40 |   171 ||   211

Table legend:
 A = Non-vault XP
 B = Vault XP
 C = Vault XP percentage of total XP
 D = Non-vault monster count
 E = Vault monster count
 F = Vault count percentage of total count
                 A         B        C        D         E       F
            +---------+---------+-------+---------+---------+-------
      Total |   12482 |    5062 |  28.9 |     259 |      28 |   9.8
            +---------+---------+-------+---------+---------+-------
        D:1 |      35 |       0 |   0.0 |      20 |       0 |   0.0
        D:2 |      42 |       5 |  10.6 |      15 |       3 |  16.7
        D:3 |      86 |       0 |   0.0 |      21 |       0 |   0.0
        D:4 |     306 |     749 |  71.0 |      13 |       7 |  35.0
        D:5 |     668 |       0 |   0.0 |      19 |       0 |   0.0
        D:6 |     432 |     359 |  45.4 |      14 |       2 |  12.5
        D:7 |     246 |    2876 |  92.1 |      14 |      12 |  46.2
        D:8 |    2292 |       0 |   0.0 |      43 |       0 |   0.0
        D:9 |    2427 |       0 |   0.0 |      39 |       0 |   0.0
       D:10 |    3448 |    1073 |  23.7 |      26 |       4 |  13.3
       D:11 |    2500 |       0 |   0.0 |      35 |       0 |   0.0
            +---------+---------+-------+---------+---------+-------
